 Dungeon Crawl Stone Soup version 0.24-a0-479-g9a978d2894 (webtiles) character file.

Game seed: 6690279970316778972

16912 Akello the Thaumaturge (level 12, -6/89 HPs)
             Began as a Mummy Wizard on July 8, 2019.
             Was an Initiate of Gozag.
             Mangled by an orc warrior
             ... wielding a +1 glaive of venom
              (31 damage)
             ... on level 1 of the Orcish Mines.
             The game lasted 01:02:03 (22000 turns).

Akello the Thaumaturge (Mummy Wizard)              Turns: 22000, Time: 01:02:03

Health: -6/89      AC:  9    Str: 11    XL:     12   Next: 14%
Magic:  16/30      EV: 12    Int: 22    God:    Gozag
Gold:   526        SH:  3    Dex: 10    Spells: 20/39 levels left

rFire    + . .     SeeInvis .   E - +8 hand axe "Ewei" {protect, rPois}
rCold    . . .     Gourm    .   y - +0 buckler
rNeg     + + +     Faith    .   a - +0 robe
rPois    ∞         Spirit   .   K - +2 hat
rElec    .         Reflect  .   M - +0 cloak
rCorr    .         Harm     .   z - +1 pair of gloves
MR       +....                  e - +1 pair of boots
Stlth    ++........             h - amulet of regeneration
HPRegen  0.64/turn              r - ring of fire
MPRegen  0.22/turn              B - ring of protection from fire

@: gold aura, very slightly contaminated, studying 2 skills
A: no food or potions, fire vulnerability, cold resistance 1, negative energy
resistance 3, torment resistance, unbreathing
a: Potion Petition, Call Merchant, Bribe Branch, Renounce Religion


You were on level 1 of the Orcish Mines.
You worshipped Gozag.
Gozag was pleased with you.
You were not hungry.

You visited 3 branches of the dungeon, and saw 14 of its levels.
You also visited: Bailey.

You collected 2865 gold pieces.
You paid 2339 gold pieces to Gozag.

Inventory:

Hand Weapons
 c - a +2 scimitar of flaming
 v - the +6 battleaxe "Vytrur" {speed, Int+4}
   (You took it off an orc on level 9 of the Dungeon)

   Attacks with this weapon are significantly faster.
   It affects your intelligence (+4).
 A - a +2 rapier of venom
 E - the +8 hand axe "Ewei" (weapon) {protect, rPois}
   (You found it on level 9 of the Dungeon)

   It grants its wielder temporary protection when it strikes (+7 to AC).
   It protects you from poison.
Missiles
 f - 444 stones
 i - 44 poisoned darts
 s - a throwing net (quivered)
Armour
 a - a +0 robe (worn)
 b - a +0 pair of gloves
 e - a +1 pair of boots (worn)
 y - a +0 buckler (worn)
 z - a +1 pair of gloves (worn)
 K - a +2 hat (worn)
 L - a +0 plate armour
 M - a +0 cloak (worn)
Magical Staves
 G - an uncursed staff of earth
 H - an uncursed staff of poison
Jewellery
 h - an amulet of regeneration (around neck)
 l - a +5 ring of protection {unknown}
 r - a ring of fire (left hand)
 u - an uncursed ring of stealth
 B - a ring of protection from fire (right hand)
 C - an uncursed ring of ice
 I - an uncursed ring of stealth
Wands
 o - a wand of enslavement (6)
 q - a wand of polymorph (12)
 D - a wand of digging (1)
 J - a wand of flame (35)
 N - a wand of scattershot (5)
Scrolls
 d - 8 scrolls of remove curse
 j - 11 scrolls of identify
 k - 4 scrolls of random uselessness
 m - a scroll of enchant weapon
 n - 3 scrolls of amnesia
 p - 2 scrolls of enchant armour
 t - 2 scrolls of fog
 F - 4 scrolls of teleportation
Books
 w - a manual of
Armour
 x - a manual of Fighting
Miscellaneous
 g - a fan of gales


   Skills:
 * Level 6.3 Fighting
 - Level 2.2 Axes
 - Level 2.9 Dodging
 - Level 1.5 Stealth
 - Level 14.2 Spellcasting
 - Level 12.2 Conjurations
 * Level 0.7 Summonings
 - Level 0.7 Translocations
 * Level 0.5 Ice Magic


You had 20 spell levels left.
You knew the following spells:

 Your Spells              Type           Power        Failure   Level  Hunger
a - Magic Dart            Conj           ####         1%          1    N/A
b - Call Imp              Summ           ###.....     8%          2    N/A
c - Blink                 Tloc           N/A          8%          2    N/A
d - Conjure Flame         Conj/Fire      ######..     1%          3    N/A
e - Mephitic Cloud        Conj/Pois/Air  ####....     3%          3    N/A
f - Summon Ice Beast      Ice/Summ       ###.....     45%         4    N/A
g - Summon Lightning Spi  Summ/Air       ###.....     50%         4    N/A

Your spell library contained the following spells:

 Spells                   Type           Power        Failure   Level  Hunger
 Apportation              Tloc           ###...       4%          1    N/A
 Summon Small Mammal      Summ           ###.         4%          1    N/A
 Animate Skeleton         Necr           N/A          7%          1    N/A
 Confusing Touch          Hex            ###...       7%          1    N/A
 Slow                     Hex            ###.....     10%         2    N/A
 Call Canine Familiar     Summ           ###.....     14%         3    N/A
 Gell's Gravitas          Tloc           ###.......   14%         3    N/A
 Summon Guardian Golem    Hex/Summ       ###.....     17%         3    N/A
 Confuse                  Hex            ###.....     21%         3    N/A
 Petrify                  Tmut/Erth      ###.....     54%         4    N/A
 Metabolic Englaciation   Hex/Ice        ###.......   85%         5    N/A
 Yara's Violent Unravell  Hex/Tmut       ###.......   88%         5    N/A

Dungeon Overview and Level Annotations

Branches:
Dungeon (11/15)            Temple (0/1) D:4            Lair (2/6) D:10
    Orc (1/2) D:9
  Swamp: Lair:2-4    Shoals: Lair:2-4     Snake: Lair:2-4    Spider: Lair:2-4

Altars:
Cheibriados
Dithmenos
Elyvilon
Gozag
Hepliaklqana
Kikubaaqudgha
Nemelex Xobeh
Ru
Sif Muna
Uskayaw
Vehumet
Zin
The Shining One

Shops:
D:5 %   D:7 %

Annotations:
D:7 exclusion: oklob plant
D:11 1 runed translucent door


Innate Abilities, Weirdness & Mutations

You do not eat or drink.
Your flesh is vulnerable to fire.
You are immune to poison.
Your flesh is cold resistant. (rC+)
You are immune to negative energy. (rN+++)
You are immune to unholy pain and torment.
You can survive without breathing.


Message History

Anything else - Cancel.
Gang up on whom?
Press: ? - help, Dir - move target cursor, f - orc knight
Aim: an orc knight, wielding a +0 bardiche and wearing a +0 chain mail Attack!
The orc warrior hits you from afar with a +1 glaive of venom!!!
The orc knight hits your ice beast with a +0 bardiche!!
Your ice beast closely misses the orc knight.
Things that are here:
a +0 hand axe; 4 gold pieces The orc knight barely misses your ice beast.
The orc warrior hits you from afar with a +1 glaive of venom!
* * * LOW HITPOINT WARNING * * *
The orc warrior closely misses you.
Your ice beast hits the orc knight but does no damage.
The orc knight hits your ice beast with a +0 bardiche!!
Your ice beast closely misses the orc knight.
The orc warrior hits you with a +1 glaive of venom!!
You die...
Your body crumbles into a pile of gold.

..........#o............
##................$.....
#...o.............#.....
#..o..5#.#.#............
##.#....###.............
##....#.$............
...##.###.o.........$.
#... ### ##Y#o.........
###. #..@)..#...... ##
##.)...#...... $
##....#...... ###.##
..... ### .....


You could see an orc knight, an orc warrior and a friendly ice beast.

Vanquished Creatures
  Harold (D:8)
  Erica (D:8)
  A two-headed ogre (D:9)
  2 deep elf magi (D:10)
  An ugly thing (D:11)
  A black mamba (Lair:1)
  A gargoyle (D:9)
  A kobold demonologist (D:10)
  A centaur skeleton (D:11)
  2 spiny frogs (Lair:1)
  A komodo dragon (Lair:1)
  2 rime drakes (D:11)
  A merfolk (D:9)
  A troll (D:11)
  Grinder (D:6)
  A hornet (D:11)
  5 hippogriffs
  9 yaks
  2 steam dragons
  2 hungry ghosts
  3 water moccasins
  2 porcupines
  17 orc warriors
  2 ice beasts
  A swamp drake (D:10)
  A necrophage (D:6)
  A phantom (D:10)
  A sky beast (D:9)
  10 centaurs
  6 ogres
  2 crocodiles (Lair:1)
  2 big kobolds
  15 bullfrogs
  A scorpion (D:5)
  7 killer bees
  5 wights (D:7)
  3 howler monkeys
  6 crimson imps
  2 hounds
  3 jellies
  An iron imp (D:10)
  3 orc priests
  13 orc wizards
  A bullfrog skeleton (D:10)
  8 worker ants
  4 iguanas
  A killer bee zombie (D:10)
  2 hound skeletons
  2 worker ant zombies
  A howler monkey zombie (D:6)
  3 gnolls
  2 howler monkey skeletons
  10 adders
  5 shadow imps
  3 worms (D:4)
  4 leopard geckos
  75 orcs
  2 bats (D:1)
  8 giant cockroaches
  7 goblins
  9 hobgoblins
  6 jackals
  4 quokkas
  A ball python (D:4)
  2 frilled lizards
  21 kobolds
  A leopard gecko zombie (D:7)
  A quokka skeleton (D:9)
  2 quokka zombies
  7 rats
  5 plants (D:10)
341 creatures vanquished.

Vanquished Creatures (collateral kills)
  An oklob plant (D:10)
  2 orc warriors (Bailey)
  A centaur (Bailey)
  A crocodile (Lair:1)
  A big kobold (D:11)
  A bullfrog (D:7)
  2 orc wizards (D:6)
  An orc priest (D:4)
  A hound zombie (D:5)
  3 gnolls (D:3)
  A shadow imp (D:10)
  A white imp (D:10)
  A worm (D:2)
  8 orcs
  A goblin (D:3)
  2 jackals (D:4)
  5 kobolds
  A jackal zombie (D:5)
  A plant (D:10)
35 creatures vanquished.

Vanquished Creatures (others)
  A centaur skeleton (D:10)
  A gnoll (D:6)
  6 orcs
  A fungus (Lair:2)
  A plant (D:10)
10 creatures vanquished.

Grand Total: 386 creatures vanquished

Notes
Turn   | Place    | Note
-------+----------+-------------------------------------------
     0 | D:1      | Akello the Mummy Wizard began the quest for the Orb.
     0 | D:1      | Reached XP level 1. HP: 13/13 MP: 5/5
   143 | D:1      | Reached skill level 1 in Conjurations
   361 | D:1      | Reached XP level 2. HP: 9/19 MP: 1/7
  1442 | D:1      | Learned a level 2 spell: Call Imp
  1445 | D:1      | Learned a level 2 spell: Blink
  1591 | D:2      | Reached XP level 3. HP: 24/24 MP: 5/9
  1779 | D:2      | Found an ancient bone altar of Kikubaaqudgha.
  1784 | D:2      | Reached skill level 5 in Spellcasting
  1785 | D:2      | Found a hazy altar of Hepliaklqana.
  2055 | D:2      | Reached XP level 4. HP: 25/30 MP: 0/11
  2782 | D:3      | Reached XP level 5. HP: 29/35 MP: 2/13
  2915 | D:3      | Found a hide-covered altar of Uskayaw.
  2936 | D:3      | Reached skill level 6 in Spellcasting
  3210 | D:3      | Found a glowing golden altar of the Shining One.
  3247 | D:3      | Found a shadowy altar of Dithmenos.
  3406 | D:3      | Found a sparkling altar of Nemelex Xobeh.
  3406 | D:3      | Found a white marble altar of Elyvilon.
  3811 | D:4      | Found an opulent altar of Gozag.
  3820 | D:4      | Found a sacrificial altar of Ru.
  3824 | D:4      | Became a worshipper of Gozag Ym Sagoz the Greedy
  3883 | D:4      | Reached XP level 6. HP: 41/41 MP: 6/15
  4484 | D:4      | Found a staircase to the Ecumenical Temple.
  4805 | D:4      | Learned a level 3 spell: Conjure Flame
  4809 | D:4      | Learned a level 3 spell: Mephitic Cloud
  4810 | D:5      | Entered Level 5 of the Dungeon
  5094 | D:5      | Reached skill level 7 in Spellcasting
  5435 | D:5      | Reached XP level 7. HP: 35/46 MP: 11/17
  5926 | D:5      | Found Codoatig's Food Boutique.
  6265 | D:6      | Noticed Grinder
  6308 | D:6      | Killed Grinder
  6308 | D:6      | Reached skill level 8 in Spellcasting
  6308 | D:6      | Reached skill level 5 in Conjurations
  6470 | D:6      | Noticed a steam dragon
  6984 | D:6      | Reached XP level 8. HP: 52/52 MP: 12/20
  7037 | D:6      | Reached skill level 9 in Spellcasting
  7872 | D:6      | Reached skill level 10 in Spellcasting
  8050 | D:7      | Found a hide-covered altar of Uskayaw.
  8050 | D:7      | Noticed an oklob plant
  8154 | D:7      | Found a deep blue altar of Sif Muna.
  8274 | D:7      | Found a flagged portal.
  8429 | Bailey   | Entered a bailey
  9177 | Bailey   | Reached XP level 9. HP: 57/57 MP: 4/23
  9950 | Bailey   | Reached skill level 11 in Spellcasting
 11051 | D:7      | Found Voghumoa's Food Shoppe.
 12368 | D:7      | Reached skill level 12 in Spellcasting
 12368 | D:7      | Reached XP level 10. HP: 60/63 MP: 18/26
 13183 | D:8      | Found a radiant altar of Vehumet.
 13448 | D:8      | Noticed Harold
 13494 | D:8      | Killed Harold
 13504 | D:8      | Noticed Erica
 13523 | D:8      | Killed Erica
 13523 | D:8      | Reached skill level 10 in Conjurations
 13642 | D:8      | Found a glowing silver altar of Zin.
 14240 | D:9      | Got a shimmering hand axe
 14241 | D:9      | Identified the +8 hand axe "Ewei" {protect, rPois} (You
                  | found it on level 9 of the Dungeon)
 14476 | D:9      | Found a staircase to the Orcish Mines.
 14828 | D:9      | Reached skill level 13 in Spellcasting
 15200 | D:9      | Noticed a gargoyle
 15230 | D:9      | Killed a gargoyle
 15230 | D:9      | Reached XP level 11. HP: 60/68 MP: 19/28
 15505 | D:9      | Found a snail-covered altar of Cheibriados.
 15613 | D:10     | Entered Level 10 of the Dungeon
 15690 | D:10     | Noticed a two-headed ogre
 15708 | D:9      | Killed a two-headed ogre
 16131 | D:10     | Found a staircase to the Lair.
 16131 | D:10     | Noticed an oklob plant
 16697 | D:10     | Noticed a deep elf mage
 16701 | D:10     | Noticed a deep elf mage
 16705 | D:10     | Killed a deep elf mage
 16713 | D:10     | Killed a deep elf mage
 17841 | D:11     | Found a runed translucent door.
 17841 | D:11     | Noticed a sixfirhy
 18729 | D:11     | Noticed a cyan ugly thing
 18745 | D:11     | Killed a cyan ugly thing
 18745 | D:11     | Reached skill level 14 in Spellcasting
 19381 | Orc:1    | Entered Level 1 of the Orcish Mines
 19398 | Orc:1    | Noticed an orc knight
 19521 | D:9      | Identified the +6 battleaxe "Vytrur" {speed, Int+4}
 20005 | D:10     | Killed an oklob plant
 20005 | D:10     | Reached skill level 1 in Fighting
 20162 | Lair:1   | Entered Level 1 of the Lair of Beasts
 20251 | Lair:1   | Reached skill level 1 in Axes
 20973 | D:10     | Reached XP level 12. HP: 48/85 MP: 30/30
 21083 | D:10     | Reached skill level 5 in Fighting
 21621 | Lair:1   | Learned a level 4 spell: Summon Ice Beast
 21626 | Lair:1   | Learned a level 4 spell: Summon Lightning Spire
 21789 | Lair:2   | Noticed a seven-headed hydra
 21866 | Lair:2   | Noticed a four-headed hydra
 22000 | Orc:1    | Mangled by an orc warrior

Levels and vault maps discovered:
D:1:      grunt_arrival_lava_bath, layout_loops_ring, serial_forest,
          infiniplex_forest_pool, infiniplex_forest_clump_C,
          infiniplex_forest_clump_curved, infiniplex_forest_end_3,
          infiniplex_forest_corner_1, infiniplex_forest_clump_large
D:2:      layout_loops_ring, gammafunk_temple_overflow_pools
D:3:      layout_loops_cross, chequers_temple_overflow_statue_of_worship,
          old_standard_altar, lemuel_crystal_altar, nicolae_tso_carved_into_rock
D:4:      layout_cave_pods, grunt_temple_overflow_open,
          minmay_temple_entry_trees, kennysheep_decorative_pillar,
          palyth_stone_intersect
D:5:      layout_basic, serial_shops, shop, first_ration,
          kennysheep_generic_room_14
D:6:      layout_loops_corners, uniq_grinder
D:7:      layout_basic, basic_altar, enter_bailey_2, serial_shops,
          kennysheep_mini_moat, shop, lemuel_oklob_altar
D:8:      layout_basic, old_standard_altar, kennysheep_mini, uniq_erica,
          uniq_harold
D:9:      layout_roguey, overflow_temple_1_default, david_orc_3,
          hangedman_fish_farm
D:10:     layout_basic, dpeg_oklobed_lair, hangedman_minor_magic
D:11:     cheibrodos_shockbox, layout_loops_ring, portal_ice_cave_rime
Lair:1:   layout_big_grid
Lair:2:   layout_gridlike, minmay_shoals_entry_hut, lemuel_fruit_tree,
          minmay_lair_oklob_chamber
Orc:1:    layout_caves, serial_shops, shop

Skill      XL: |  1  2  3  4  5  6  7  8  9 10 11 12 |
---------------+-------------------------------------+-----
Conjurations   | 1 2 3 4 5 6 9 10 12 | 12.2
Spellcasting   | 5 6 7 8 10 12 13 14 | 14.2
Fighting       | 4 6 |  6.3
Axes           | 1 2 |  2.2
Dodging        | 2 |  2.9
Stealth        | |  1.5
Summonings     | |  0.7
Translocations | |  0.7
Ice Magic      | |  0.5

Action                   |  1- 3 |  4- 6 |  7- 9 | 10-12 || total
-------------------------+-------+-------+-------+-------++-------
Melee: Dagger            |     3 |    34 |     1 |       ||    38
       Hand axe          |       |       |       |   269 ||   269
       Scimitar          |       |       |       |     4 ||     4
       Rapier            |       |       |       |     2 ||     2
       Battleaxe         |       |       |       |     2 ||     2
Throw: Dart              |    11 |       |    18 |     9 ||    38
       Throwing net      |       |       |       |     6 ||     6
 Cast: Magic Dart        |    99 |   188 |   548 |   628 ||  1463
       Call Imp          |     1 |    19 |    44 |    55 ||   119
       Blink             |       |     2 |     2 |    15 ||    19
       Conjure Flame     |       |     2 |    26 |    36 ||    64
       Mephitic Cloud    |       |       |    12 |    35 ||    47
       Summon Ice Beast  |       |       |       |     2 ||     2
Invok: Potion Petition   |       |       |       |     7 ||     7
Evoke: Wand              |       |       |     6 |    11 ||    17
  Use: Scroll            |       |       |    11 |     7 ||    18
 Stab: Confused          |       |       |       |     2 ||     2
       Distracted        |       |       |       |     1 ||     1
Armor: Robe              |     4 |    12 |    15 |   122 ||   153
       Plate armour      |       |       |       |   193 ||   193
Dodge: Dodged            |    16 |    41 |    63 |   240 ||   360
Block: Buckler           |       |       |       |    42 ||    42

Table legend:
 A = Non-vault XP
 B = Vault XP
 C = Vault XP percentage of total XP
 D = Non-vault monster count
 E = Vault monster count
 F = Vault count percentage of total count
                 A         B        C        D         E       F
            +---------+---------+-------+---------+---------+-------
      Total |   16725 |    7435 |  30.8 |     306 |      66 |  17.7
            +---------+---------+-------+---------+---------+-------
        D:1 |      32 |       0 |   0.0 |      21 |       0 |   0.0
        D:2 |      71 |       0 |   0.0 |      20 |       0 |   0.0
        D:3 |     233 |       0 |   0.0 |      29 |       0 |   0.0
        D:4 |     131 |       0 |   0.0 |      18 |       0 |   0.0
        D:5 |     440 |       0 |   0.0 |      21 |       0 |   0.0
        D:6 |    1167 |     187 |  13.8 |      25 |       1 |   3.8
        D:7 |    1517 |       0 |   0.0 |      38 |       0 |   0.0
        D:8 |     894 |    1973 |  68.8 |      25 |       2 |   7.4
        D:9 |    3109 |     671 |  17.8 |      23 |       9 |  28.1
       D:10 |    3616 |    1873 |  34.1 |      34 |      13 |  27.7
       D:11 |    2196 |     754 |  25.6 |      26 |       2 |   7.1
     Lair:1 |    3104 |       0 |   0.0 |      16 |       0 |   0.0
      Orc:1 |     215 |       0 |   0.0 |      10 |       0 |   0.0
     Bailey |       0 |    1977 | 100.0 |       0 |      39 | 100.0
            +---------+---------+-------+---------+---------+-------
